 Dungeon Crawl Stone Soup version 0.30-a0-358-g0d69a1922f (webtiles) character file.

Game seed: 9556711043757561672

55 koil the Chopper (level 3, -1/30 HPs)
             Began as a Hill Orc Reaver on Nov 8, 2022.
             Killed from afar by Natasha (7 damage)
             ... with a magic dart
             ... on level 2 of the Dungeon.
             The game lasted 00:03:14 (904 turns).

koil the Chopper (Hill Orc Reaver)                   Turns: 904, Time: 00:03:14

Health: -1/30      AC:  3    Str: 16    XL:     3   Next: 93%
Magic:  5/5        EV: 11    Int: 13    God:
Gold:   42         SH:  0    Dex:  9    Spells: 4/5 levels left

rFire   + . .      SeeInvis .    a - +0 hand axe
rCold   . . .      Faith    .    (no shield)
rNeg    . . .      Spirit   .    b - +0 leather armour
rPois   .          Reflect  .    (no helmet)
rElec   .          Harm     .    (no cloak)
rCorr   .          Rampage  .    (no gloves)
Will    .....                    (no boots)
Stlth   +.........               (no amulet)
HPRegen 0.25/turn                f - ring of protection from fire
MPRegen 0.09/turn                (no ring)

@: no status effects
A: no striking features
a: no special abilities


You were on level 2 of the Dungeon.
You visited 1 branch of the dungeon, and saw 2 of its levels.

You collected 42 gold pieces.

Inventory:

Hand Weapons
 a - a +0 hand axe (weapon)
Armour
 b - a +0 leather armour (worn)
 d - a +0 ring mail
 e - a +0 scale mail
Jewellery
 f - a ring of protection from fire (left hand)
Scrolls
 c - a scroll of identify {unknown}
 g - a scroll of enchant weapon {unknown}
 h - a scroll of fog {unknown}
 j - a scroll of amnesia {unknown}
Potions
 i - a potion of lignification {unknown}


   Skills:
 + Level 2.9 Fighting
 + Level 4.4 Axes
 + Level 1.2 Armour
 + Level 1.9 Dodging
 + Level 1.8 Spellcasting
 + Level 3.3 Conjurations
 + Level 0.9 Hexes


You had 4 spell levels left.
You knew the following spells:

 Your Spells              Type           Power      Damage    Failure   Level
a - Kiss of Death         Conj/Necr      20%        2d7       16%         1

Your spell library contained the following spells:

 Spells                   Type           Power      Damage    Failure   Level
 Magic Dart               Conj           36%        1d4       9%          1
 Momentum Strike          Conj/Tloc      10%        3d8       24%         2
 Necrotise                Necr           4%         1d4       32%         1
 Call Imp                 Summ           1%         N/A       43%         2
 Hailstorm                Conj/Ice       5%         3d4       43%         3
 Mephitic Cloud           Conj/Pois/Air  4%         N/A       52%         3
 Confusing Touch          Hex            3%         N/A       54%         3
 Vampiric Draining        Necr           1%         2d6       67%         3
 Dispel Undead            Necr           1%         3d6       97%         4
 Agony                    Necr           1%         N/A       100%        5


Dungeon Overview and Level Annotations

Branches:
Dungeon (2/15)

Altars:

Annotations:
D:2 Natasha, Sigmund


Message History

You closely miss Natasha.
Natasha is lightly wounded.
Natasha misses you.
You barely miss Natasha.
Natasha is lightly wounded.
Natasha misses you.
You barely miss Natasha.
Natasha is lightly wounded.
Natasha claws you.
You barely miss Natasha.
Natasha is lightly wounded.
Natasha claws you!
You hit Natasha but do no damage.
Natasha is lightly wounded.
Natasha claws you.
You closely miss Natasha.
Natasha is lightly wounded.
Natasha barely misses you.
You closely miss Natasha.
Natasha is lightly wounded.
Natasha claws you.
You hit Natasha.
Natasha is moderately wounded.
Natasha claws you!
* * * LOW HITPOINT WARNING * * *
You hit Natasha.
Natasha is severely wounded.
Natasha closely misses you.
You barely miss Natasha.
Natasha is severely wounded.
Natasha drinks a potion.
Natasha is healed!
You closely miss Natasha.
Natasha is moderately wounded.
Natasha extends her claws.
Natasha claws you but does no damage.
You hit Natasha but do no damage.
Natasha is moderately wounded.
Natasha casts a spell at you. The magic dart hits you!
You die...

....#...... .. .. ..#...
.....[..#.# .# #. .. ......
..........# .. #.. #. ..#...
....$....## #. .. #.##.#..
..........# #.#.### #.#....
.>.#.....b.# ......# #.....#
.<.#........ #..##.#####....#
...#......... #.# #.##....#†#
..(#!......... #@# #........[#
..............##h###...#.....#
..................##..##.....###.
....#.............##...#.........
....##. ###......#..#.........##
...## #. ##.......###........# #
##..#..####........# #.
#.................# #.
#..............#.##


You could see Natasha.

Vanquished Creatures
  Natasha (D:2)
  3 endoplasms (D:1)
  A giant cockroach (D:1)
  2 goblins (D:1)
  9 hobgoblins
  A quokka (D:1)
  3 ball pythons (D:1)
  2 bats
  2 frilled lizards
  2 kobolds (D:2)
  3 rats (D:1)
29 creatures vanquished.

Notes
Turn   | Place    | Note
-------+----------+-------------------------------------------
     0 | D:1      | koil the Hill Orc Reaver began the quest for the Orb.
     0 | D:1      | Reached XP level 1. HP: 18/18 MP: 3/3
   147 | D:1      | Reached XP level 2. HP: 18/25 MP: 4/4
   455 | D:1      | Reached XP level 3. HP: 26/30 MP: 5/5
   707 | D:2      | Noticed Sigmund
   797 | D:2      | Noticed Natasha
   809 | D:2      | Reached skill level 1 in Armour
   811 | D:2      | Killed Natasha
   885 | D:2      | Noticed Natasha
   900 | D:2      | HP: 5/30 [Natasha (7)]
   904 | D:2      | Killed from afar by Natasha

Illustrated notes

Levels and vault maps discovered:
D:1:      minmay_arrival_stair_chambers, layout_basic
D:2:      layout_rooms, uniq_natasha, uniq_sigmund

Skill      XL: |  1  2  3 |
---------------+----------+-----
Armour         | 1 |  1.2
Fighting       | |  2.9
Axes           | |  4.4
Dodging        | |  1.9
Spellcasting   | |  1.8
Conjurations   | |  3.3
Hexes          | |  0.9

Action                   || total
-------------------------++-------
Melee: Hand axe          ||   122
Armor: Leather armour    ||    34
Dodge: Dodged            ||    73

Table legend: (Time is in decaauts)
 A = Elapsed time spent in this place.
 B = Non-inter-level travel time spent in this place.
 C = Inter-level travel time spent in this place.
 D = Time resting spent in this place.
 E = Time spent auto-exploring this place.
 F = Levels seen in this place.
 G = Mean time per level.
                   A        B        C        D        E       F      G
               +--------+--------+--------+--------+--------+-----+--------+
         Total |    914 |    879 |     35 |     54 |    578 |   2 |  457.0 |
       Dungeon |    914 |    879 |     35 |     54 |    578 |   2 |  457.0 |
               +--------+--------+--------+--------+--------+-----+--------+

Top non-repeatable levels by time:
     D:1: 739 daAuts
     D:2: 174 daAuts
